 Dungeon Crawl Stone Soup version 0.30-a0-748-ge6a52f7cba (webtiles) character file.

Game seed: 2344372233574836481

87 Newt the Shooter (level 4, -1/31 HPs)
             Began as a Kobold Hunter on Feb 8, 2023.
             Slain by a black bear (4 damage)
             ... on level 3 of the Dungeon.
             The game lasted 00:02:49 (2837 turns).

Newt the Shooter (Kobold Hunter)                    Turns: 2837, Time: 00:02:50

Health: -1/31      AC:  3    Str:  8    XL:     4   Next: 80%
Magic:  4/4        EV: 11    Int: 10    God:
Gold:   161        SH:  9    Dex: 20    Spells: 3/3 levels left

rFire   . . .      SeeInvis .    j - +2 sling (flame)
rCold   . . .      Faith    .    g - +1 kite shield
rNeg    . . .      Spirit   .    c - +0 leather armour
rPois   .          Reflect  .    (no helmet)
rElec   .          Harm     .    (no cloak)
rCorr   .          Rampage  .    (no gloves)
Will    .....                    (no boots)
Stlth   +++                      (no amulet)
HPRegen 0.25/turn                i - ring of flight
MPRegen 0.09/turn                (no ring)

@: attractive, flying, hasted, very quick
A: small, no large weapons, nightstalker 3
a: no special abilities


You were on level 3 of the Dungeon.
You visited 1 branch of the dungeon, and saw 4 of its levels.

You collected 161 gold pieces.

Inventory:

Hand Weapons
 a - a +0 shortbow
 j - a +2 sling of flaming (weapon)
Missiles
 d - a throwing net
Armour
 c - a +0 leather armour (worn)
 g - a +1 kite shield (worn)
Jewellery
 i - a ring of flight (left hand)
Wands
 l - a wand of paralysis (16)
Scrolls
 b - 2 scrolls of immolation
 h - a scroll of noise


   Skills:
 - Level 5.0 Fighting
 + Level 5.4 Ranged Weapons
 - Level 2.4 Dodging
 - Level 1.3 Stealth


You had 3 spell levels left.
You didn't know any spells.
Your spell library contained the following spells:

 Spells                   Type           Power      Damage    Failure   Level
 Kiss of Death            Conj/Necr      0%         2d5       98%         1
 Cigotuvi's Dreadful Rot  Necr/Pois/Air  0%         N/A       99%         2
 Poisonous Vapours        Pois/Air       0%         N/A       99%         2
 Confusing Touch          Hex            0%         N/A       100%        3
 Mephitic Cloud           Conj/Pois/Air  0%         N/A       100%        3
 Dispel Undead            Necr           0%         3d6       100%        4


Dungeon Overview and Level Annotations

Branches:
Dungeon (4/15)
 Temple: D:4-7

Altars:


Innate Abilities, Weirdness & Mutations

You are small and have problems with some larger weapons.
You are completely attuned to the shadows.


Message History

The black bear claws you.
* * * LOW HITPOINT WARNING * * *
You block the black bear's attack.
Fire: j) +2 sling (flame)
Press: ? - help, Shift-Dir - straight line, f/p - black bear
Aim: a black bear (heavily wounded, 72% to hit)
You shoot a sling bullet. The sling bullet hits the black bear.
The sling bullet burns the black bear.
The black bear is severely wounded.
You block the black bear's attack. The black bear claws you.
* * * LOW HITPOINT WARNING * * *
The black bear barely misses you.
Fire: j) +2 sling (flame)
Press: ? - help, Shift-Dir - straight line, f/p - black bear
Aim: a black bear (severely wounded, 72% to hit)
You shoot a sling bullet. The sling bullet hits the black bear.
The sling bullet burns the black bear.
The black bear is severely wounded.
The black bear goes berserk!
Fire: j) +2 sling (flame)
Press: ? - help, Shift-Dir - straight line, f/p - black bear
Aim: a black bear (severely wounded, berserk, 72% to hit)
You shoot a sling bullet.
The sling bullet closely misses the black bear.
The sling bullet hits the kobold.
The sling bullet burns the kobold.
The kobold is severely wounded.
You block the black bear's attack. x2
The black bear claws you but does no damage.
You block the black bear's attack. The black bear claws you.
* * * LOW HITPOINT WARNING * * *
The black bear claws you but does no damage.
Fire: j) +2 sling (flame)
Press: ? - help, Shift-Dir - straight line, f/p - black bear
Aim: a black bear (severely wounded, berserk, 72% to hit)
You shoot a sling bullet. The sling bullet hits the black bear.
The sling bullet burns the black bear.
The black bear is almost dead.
You block the black bear's attack. The black bear barely misses you.
The black bear claws you.
You die...

.# #..# #....###########
.# ##..# #.....#........##
.# #...###...#...#.....#.#
.###.#<..#..#...#.#...#..#
###..#####.#.....#...#...#
##..## #....##...##...##
##.## ############...##
...# ##########..#...#
.### ####....Kh@.#...#..#
.# #...).>.{##......#.#
.## #....>...####.....##
..# #...§....# #.....# ..#
####.##### #######
..########.####
....^.........#####
........÷.....>...#
######..###########


You could see a black bear (berserk) and a kobold.

Vanquished Creatures
  An adder (D:2)
  4 dart slugs
  3 orcs
  4 endoplasms
  3 giant cockroaches
  5 goblins
  9 hobgoblins
  4 jackals (D:1)
  4 ball pythons
  10 bats
  3 frilled lizards
  9 kobolds
  2 rats (D:1)
61 creatures vanquished.

Notes
Turn   | Place    | Note
-------+----------+-------------------------------------------
     0 | D:1      | Newt the Kobold Hunter began the quest for the Orb.
     0 | D:1      | Reached XP level 1. HP: 12/12 MP: 1/1
   102 | D:1      | Reached XP level 2. HP: 18/18 MP: 2/2
   363 | D:1      | Reached XP level 3. HP: 23/23 MP: 3/3
   984 | D:2      | Reached XP level 4. HP: 12/29 MP: 4/4
  2121 | D:3      | Found a faded altar of an unknown god.
  2434 | D:4      | Reached skill level 5 in Fighting
  2487 | D:4      | Noticed a black bear
  2488 | D:4      | Noticed a scorpion
  2819 | D:3      | HP: 1/31 [kobold/+0 whip (1)]
  2837 | D:3      | Slain by a black bear

Illustrated notes

Levels and vault maps discovered:
D:1:      dpeg_arrival_concentric_ovals, layout_basic, minmay_door_square
D:2:      minmay_recursive_quarters, layout_rooms, minmay_liquid_box,
          minmay_misc_feat_tower
D:3:      layout_rooms, ebering_ecumenical_altar_ruins,
          hangedman_decor_slide_cut, minmay_misc_feat_iff
D:4:      layout_layer_cave

Skill      XL: |  1  2  3  4 |
---------------+-------------+-----
Fighting       | 3 4 5 |  5.0
Ranged Weapons | |  5.4
Dodging        | |  2.4
Stealth        | |  1.3

Action                     |  1- 3 |  4- 6 || total
---------------------------+-------+-------++-------
   Fire: Shortbow          |    75 |     3 ||    78
         Sling             |       |    55 ||    55
    Use: Scroll            |     3 |     8 ||    11
         Potion            |     1 |     5 ||     6
 Armour: Leather armour    |     8 |    11 ||    19
  Dodge: Dodged            |    31 |    27 ||    58
  Block: Kite shield       |       |    33 ||    33

Table legend: (Time is in decaauts)
 A = Elapsed time spent in this place.
 B = Non-inter-level travel time spent in this place.
 C = Inter-level travel time spent in this place.
 D = Time resting spent in this place.
 E = Time spent auto-exploring this place.
 F = Levels seen in this place.
 G = Mean time per level.
                   A        B        C        D        E       F      G
               +--------+--------+--------+--------+--------+-----+--------+
         Total |   2879 |   2753 |    126 |    499 |   1916 |   4 |  719.8 |
       Dungeon |   2879 |   2753 |    126 |    499 |   1916 |   4 |  719.8 |
               +--------+--------+--------+--------+--------+-----+--------+

Top non-repeatable levels by time:
     D:3: 967 daAuts
     D:1: 841 daAuts
     D:2: 808 daAuts
     D:4: 262 daAuts
